 Dungeon Crawl Stone Soup version 0.27.0-1-g7a089689b8 (webtiles) character file.

Game seed: 765571405022700489

6409 GordonOverkill the Cleaver (level 10, 0/99 HPs)
             Began as a Deep Dwarf Hedge Wizard on Aug 6, 2021.
             Was a Believer of Makhleb.
             Slain by a skeletal warrior (19 damage)
             ... led by a skeletal warrior
             ... on level 10 of the Dungeon.
             The game lasted 00:19:18 (7875 turns).

GordonOverkill the Cleaver (DDWz)                   Turns: 7875, Time: 00:19:19

Health: 0/99       AC: 20    Str: 18    XL:     10   Next: 66%
Magic:  6/6        EV:  8    Int: 14    God:    Makhleb [**....]
Gold:   815        SH:  5    Dex: 12    Spells: 14/14 levels left

rFire    . . .     SeeInvis .   e - +1 war axe (elec)
rCold    + . .     Faith    .   (no shield)
rNeg     . . .     Spirit   .   x - +0 chain mail
rPois    .         Reflect  +   j - +2 helmet
rElec    .         Harm     .   u - +1 cloak
rCorr    .         Rampage  .   w - +0 pair of gloves
Will     +....                  (no boots)
Stlth    ..........             C - amulet of reflection
HPRegen  0.00/turn              r - +4 ring of protection
MPRegen  0.10/turn              M - ring of protection from cold

@: no status effects
A: damage resistance, heal wounds, sense surroundings 2, no regeneration
a: Heal Wounds, Renounce Religion, Minor Destruction


You were on level 10 of the Dungeon.
You worshipped Makhleb.
Makhleb was pleased with you.
You visited 2 branches of the dungeon, and saw 12 of its levels.

You collected 815 gold pieces.

Inventory:

Hand Weapons
 a - a +2 flail of holy wrath
 d - a +0 broad axe
 e - a +1 war axe of electrocution (weapon)
Missiles
 p - 4 datura-tipped darts
 y - 12 boomerangs (quivered)
 H - 8 poisoned darts
 R - a throwing net
 S - 4 curare-tipped darts
Armour
 j - a +2 helmet (worn)
 u - a +1 cloak (worn)
 w - a +0 pair of gloves (worn)
 x - a +0 chain mail (worn)
Jewellery
 r - a +4 ring of protection (left hand)
 C - an amulet of reflection (around neck)
 D - a ring of positive energy
 K - a +6 ring of intelligence
 M - a ring of protection from cold (right hand)
 O - a +6 ring of dexterity
Wands
 g - a wand of acid (7)
 G - a wand of paralysis (7)
 N - a wand of polymorph (10)
Scrolls
 f - 2 scrolls of brand weapon {unknown}
 h - 4 scrolls of teleportation
 l - a scroll of vulnerability {unknown}
 m - a scroll of fear
 n - 2 scrolls of amnesia
 v - a scroll of blinking {unknown}
 A - a scroll of magic mapping {unknown}
 B - a scroll of silence {unknown}
 E - a scroll of torment {unknown}
 F - a scroll of enchant weapon {unknown}
 I - a scroll of summoning {unknown}
 J - a scroll of fog {unknown}
Potions
 b - 4 potions of haste
 c - 2 potions of heal wounds {unknown}
 i - 4 potions of invisibility
 k - 3 potions of lignification {unknown}
 o - 4 potions of might {unknown}
 q - 5 potions of curing {unknown}
 s - 2 potions of ambrosia {unknown}
 t - a potion of brilliance {unknown}
 z - a potion of degeneration {unknown}
 L - a potion of magic {unknown}
 P - a potion of cancellation {unknown}
 Q - a potion of resistance {unknown}


   Skills:
 + Level 9.0 Fighting
 + Level 10.3 Axes
 - Level 2.0 Throwing
 - Level 5.0 Armour
 - Level 3.0 Dodging
 - Level 2.4 Stealth
 - Level 2.6 Spellcasting
 - Level 0.8 Conjurations
 - Level 0.8 Summonings
 - Level 1.1 Translocations
 - Level 7.0 Invocations
 - Level 5.0 Evocations


You had 14 spell levels left.
You didn't know any spells.
Your spell library contained the following spells:

 Spells                   Type           Power      Damage    Failure   Level
 Magic Dart               Conj           16%        1d3       88%         1
 Blink                    Tloc           N/A        N/A       94%         2
 Call Imp                 Summ           4%         N/A       95%         2
 Slow                     Hex            1%         N/A       98%         2
 Gell's Gravitas          Tloc           2%         N/A       99%         3
 Lesser Beckoning         Tloc           2%         N/A       99%         3
 Teleport Other           Tloc           4%         N/A       99%         3
 Confusing Touch          Hex            1%         N/A       100%        3
 Conjure Flame            Conj/Fire      3%         6-21      100%        3
 Ignite Poison            Fire/Tmut/Pois 1%         N/A       100%        3
 Mephitic Cloud           Conj/Pois/Air  2%         N/A       100%        3
 Ozocubu's Armour         Ice            1%         N/A       100%        3
 Vampiric Draining        Necr           0%         2d6       100%        3
 Bolt of Magma            Conj/Fire/Erth 1%         4d4       100%        5
 Irradiate                Conj/Tmut      1%         3d14      100%        5
 Ozocubu's Refrigeration  Ice            0%         4d5       100%        7
 Maxwell's Capacitive Co  Air            0%         ∞         100%        8


Dungeon Overview and Level Annotations

Branches:
Dungeon (11/15)            Temple (1/1) D:4
   Lair: D:8-11         Orc: D:9-12

Altars:
Ashenzari
Cheibriados
Dithmenos
Elyvilon
Fedhas
Gozag
Hepliaklqana
Kikubaaqudgha
Makhleb
Nemelex Xobeh
Okawaru
Qazlal
Ru
Sif Muna
Trog
Uskayaw
Vehumet
Wu Jian
Xom
Yredelemnul
Zin
The Shining One

Shops:
D:5 =


Innate Abilities, Weirdness & Mutations

You are resistant to damage.
You can heal yourself by infusing magical energy.
You passively map the area around you.
You do not regenerate.


Message History

The vampire mosquito bites you but does no damage.
Found 21 gold pieces.
The vampire mosquito bites you but does no damage.
A vampire mosquito comes into view.
There is a stone staircase leading up here.
The vampire mosquito bites you but does no damage.
The vampire mosquito bites you.
* * * LOW HITPOINT WARNING * * *
The vampire mosquito draws strength from your injuries!
The skeletal warrior hits you with a +0 battleaxe!
* * * LOW HITPOINT WARNING * * *
The skeletal warrior hits you from afar with a +0 trident!
* * * LOW HITPOINT WARNING * * *
The skeletal warrior hits you with a +0 flail!
* * * LOW HITPOINT WARNING * * *
You climb upwards.
There is a stone staircase leading down here.
Okay, then.
Your magical essence is drained by the effort!
You feel much better.
The vampire mosquito bites you but does no damage. x2
The skeletal warrior hits you with a +0 battleaxe!
* * * LOW HITPOINT WARNING * * *
The skeletal warrior hits you with a +0 flail!
* * * LOW HITPOINT WARNING * * *
You feel much better.
The vampire mosquito closely misses you.
The vampire mosquito bites you but does no damage.
The skeletal warrior hits you with a +0 battleaxe!
* * * LOW HITPOINT WARNING * * *
The skeletal warrior hits you with a +0 flail!
* * * LOW HITPOINT WARNING * * *
You feel much better.
The vampire mosquito bites you but does no damage.
The skeletal warrior hits you with a +0 battleaxe!!
* * * LOW HITPOINT WARNING * * *
The vampire mosquito bites you.
The vampire mosquito draws strength from your injuries!
The skeletal warrior hits you with a +0 flail!!
You die...

.#####.# #...........###
.......# #.#########...##
.#####.# #.# #####.#..# .#
###.#####.#####........#
.###....)....##.....≈≈≈...#
.............#.....≈≈≈≈≈..#
####.#.............≈≈_≈≈..#
#.#.#####...y...≈≈.≈≈..#
#.#.# #...z@..≈≈.≈≈..#
#.#.# #[...z..≈≈.≈≈.##
#.#.# #.......≈...≈.# #.#.#
#.#.....≈.8.≈.# ####.#.#
#.........(...# .....#.#
############### ######.#
######.# .).....#


You could see 2 skeletal warriors and a vampire mosquito.

Vanquished Creatures
  2 two-headed ogres (D:10)
  2 centaur zombies (D:10)
  A troll (D:10)
  Grinder (D:4)
  A shadow (D:10)
  2 wyverns
  3 steam dragons
  An acid dragon (D:10)
  An orc warrior (D:9)
  A sky beast (D:6)
  3 water moccasins
  An ice beast (D:6)
  4 black bears
  2 necrophages
  2 centaurs
  2 ogres
  A phantom (D:4)
  A gnoll sergeant (D:9)
  2 bullfrogs
  3 scorpions
  3 wights (D:8)
  A howler monkey (D:8)
  A bullfrog zombie (D:5)
  4 hounds
  2 orc priests
  5 bullfrog skeletons
  3 gnoll shamans
  A centaur skeleton (D:7)
  5 iguanas
  5 orc wizards
  A hound skeleton (D:5)
  Robin (D:2)
  16 gnolls
  A howler monkey zombie (D:7)
  6 adders
  A shadow imp (D:6)
  2 white imps
  A worm (D:2)
  A dart slug (D:2)
  20 orcs
  6 ball pythons
  7 endoplasms
  4 giant cockroaches
  18 goblins
  7 hobgoblins
  11 jackals
  6 quokkas
  4 bats
  3 frilled lizards
  5 kobolds
  10 rats
197 creatures vanquished.

Vanquished Creatures (others)
  An orc priest (D:8)
  A gnoll shaman (D:8)
  A shadow imp (D:8)
  An orc (D:8)
  3 fungi (D:4)
  6 toadstools (D:4)
13 creatures vanquished.

Grand Total: 210 creatures vanquished

Notes
Turn   | Place    | Note
-------+----------+-------------------------------------------
     0 | D:1      | GordonOverkill the Deep Dwarf Hedge Wizard began the quest
                  | for the Orb.
     0 | D:1      | Reached XP level 1. HP: 15/15 MP: 4/4
   250 | D:1      | Reached skill level 1 in Fighting
   357 | D:1      | Reached XP level 2. HP: 16/25 MP: 1/5
   818 | D:1      | Reached skill level 1 in Axes
  1011 | D:2      | Found a faded altar of an unknown god.
  1068 | D:2      | Reached XP level 3. HP: 32/32 MP: 7/7
  1164 | D:2      | Noticed Robin
  1225 | D:2      | Killed Robin
  1226 | D:2      | Reached skill level 2 in Axes
  1329 | D:2      | Reached XP level 4. HP: 30/40 MP: 8/8
  2221 | D:3      | Reached skill level 3 in Axes
  2250 | D:3      | Reached XP level 5. HP: 38/49 MP: 9/9
  2843 | D:4      | Noticed Grinder
  2843 | D:4      | Noticed a phantom
  3092 | D:4      | Killed a phantom
  3093 | D:4      | Reached skill level 1 in Throwing
  3242 | D:4      | Noticed an ogre
  3250 | D:4      | Killed an ogre
  3251 | D:4      | Reached skill level 4 in Axes
  3251 | D:4      | Reached XP level 6. HP: 42/57 MP: 10/10
  3297 | D:4      | Found a staircase to the Ecumenical Temple.
  3416 | D:4      | Paralysed by Grinder for 2 turns
  3419 | D:4      | Killed Grinder
  3420 | D:4      | Reached XP level 7. HP: 61/66 MP: 11/11
  3522 | Temple   | Entered the Ecumenical Temple
  3712 | Temple   | Became a worshipper of Makhleb the Destroyer
  3836 | D:5      | Entered Level 5 of the Dungeon
  3847 | D:5      | Reached skill level 1 in Invocations
  3872 | D:5      | Found Ammiph's Jewellery Emporium.
  3881 | D:5      | Reached skill level 5 in Fighting
  3881 | D:5      | Reached skill level 5 in Axes
  4051 | D:5      | Reached XP level 8. HP: 37/75 MP: 12/12
  4095 | D:5      | Reached skill level 6 in Axes
  4245 | D:5      | Reached * piety under Makhleb
  4292 | D:5      | Reached skill level 5 in Invocations
  4552 | D:6      | Found a stormy altar of Qazlal.
  4564 | D:6      | Reached skill level 1 in Armour
  4653 | D:6      | Found a broken altar of Ashenzari.
  4757 | D:6      | Found an opulent altar of Gozag.
  4928 | D:6      | Reached skill level 7 in Axes
  4971 | D:6      | Gained mutation: You passively map the area around you.
                  | [Deep Dwarf growth]
  4971 | D:6      | Reached XP level 9. HP: 61/85 MP: 11/11
  5539 | D:7      | Found a hide-covered altar of Uskayaw.
  5627 | D:7      | Reached ** piety under Makhleb
  5640 | D:7      | Got Wysianni's Reference Book on Flying Confrontation
  5732 | D:7      | Found an iron altar of Okawaru.
  5922 | D:8      | Reached skill level 1 in Evocations
  5932 | D:7      | Reached skill level 8 in Axes
  6393 | D:9      | Reached skill level 5 in Armour
  6967 | D:9      | Reached XP level 10. HP: 81/96 MP: 8/8
  7244 | D:10     | Entered Level 10 of the Dungeon
  7348 | D:10     | Noticed a two-headed ogre
  7360 | D:10     | Killed a two-headed ogre
  7361 | D:10     | Reached skill level 9 in Axes
  7361 | D:10     | Reached skill level 5 in Evocations
  7567 | D:10     | Noticed a two-headed ogre
  7574 | D:10     | Killed a two-headed ogre
  7575 | D:10     | Reached skill level 10 in Axes
  7582 | D:10     | Found a sparkling altar of Nemelex Xobeh.
  7863 | D:11     | Noticed a skeletal warrior
  7863 | D:11     | Noticed a skeletal warrior
  7863 | D:11     | Noticed a skeletal warrior
  7864 | D:11     | Noticed a manticore
  7875 | D:10     | Slain by a skeletal warrior

Illustrated notes

Levels and vault maps discovered:
D:1:      tarquinn_simple_flora_water_c, layout_basic
D:2:      layout_basic, chequers_ecumenical_altar_simple,
          minmay_split_cup_large, uniq_robin
D:3:      layout_basic, minmay_misc_feat_plants
D:4:      layout_basic, lemuel_temple_firewalk_a, minmay_gold_behind_fungi,
          minmay_misc_feat_tiny, uniq_grinder
D:5:      layout_rooms, serial_shops, shop, st_stairs_2
D:6:      layout_loops_cross, ashenzari_altar_1, grunt_gozag_breadcrumbs,
          nicolae_qazlal_scattered_showers
D:7:      layout_cave_pools, kennysheep_mini_moat, lemuel_round_altar,
          serial_gnoll_camp, gnoll_camp_mini_hut, gnoll_camp_mini_loothouse,
          gnoll_camp_mini_hut, gnoll_camp_mini_house
D:8:      layout_rooms, kennysheep_generic_room_15
D:9:      layout_loops_corners
D:10:     layout_loops_ring, mainiacjoe_overflow_catwalk
D:11:     hangedman_cross_veins, layout_cave_pools, david_lair_generic,
          serial_shops, nicolae_shop_waterfront, uniq_maurice
Temple:   eino_temple_scatter_basement

Skill      XL: |  1  2  3  4  5  6  7  8  9 10 |
---------------+-------------------------------+-----
Fighting       | 1 2 3 4 5 6 7 9 |  9.0
Axes           | 1 2 3 4 5 7 8 10 | 10.3
Throwing       | 1 2 |  2.0
Invocations    | 3 6 7 |  7.0
Armour         | 2 5 |  5.0
Dodging        | 3 |  3.0
Evocations     | 4 5 |  5.0
Stealth        | |  2.4
Spellcasting   | |  2.6
Conjurations   | |  0.8
Summonings     | |  0.8
Translocations | |  1.1

Action                   |  1- 3 |  4- 6 |  7- 9 | 10-12 || total
-------------------------+-------+-------+-------+-------++-------
Melee: Dagger            |    57 |       |       |       ||    57
       Hand axe          |    71 |   177 |   460 |       ||   708
       War axe           |       |       |    15 |    53 ||    68
Throw: Dart              |       |     3 |       |       ||     3
       Boomerang         |       |       |     5 |       ||     5
 Cast: Magic Dart        |    20 |       |       |       ||    20
 Abil: Heal Wounds       |     2 |     3 |    14 |     6 ||    25
Evoke: Wand              |       |       |       |     3 ||     3
  Use: Scroll            |     2 |       |     5 |       ||     7
 Stab: Sleeping          |     1 |       |       |       ||     1
       Paralysed         |       |       |       |     4 ||     4
Armor: Robe              |     6 |       |       |       ||     6
       Ring mail         |    24 |    67 |       |       ||    91
       Chain mail        |       |       |   345 |    84 ||   429
Dodge: Dodged            |    82 |    94 |   199 |    35 ||   410
Block: Other             |       |       |    72 |    15 ||    87
       Reflection        |       |       |     1 |       ||     1
